 Dungeon Crawl Stone Soup version 0.30-a0-310-g7d6cbdfea6 (webtiles) character file.

Game seed: 14307983191077425137

7386 ytrimaz the Grappler (level 10, 0/165 HPs)
             Began as a Troll Transmuter on Oct 21, 2022.
             Slain by Pikel
             ... wielding a +2 whip of electrocution
              (18 damage)
             ... on level 9 of the Dungeon on Oct 24, 2022.
             The game lasted 00:11:18 (7495 turns).

ytrimaz the Grappler (Troll Transmuter)             Turns: 7495, Time: 00:11:19

Health: 0/165      AC:  6    Str: 26    XL:     10   Next: 92%
Magic:  9/10       EV: 11    Int: 13    God:
Gold:   471        SH:  0    Dex: 10    Spells: 8/11 levels left

rFire   . . .      SeeInvis .      - Unarmed
rCold   . . .      Faith    .    (no shield)
rNeg    . . .      Spirit   .    b - +0 troll leather armour
rPois   .          Reflect  .    (helmet restricted)
rElec   .          Harm     .    (no cloak)
rCorr   +          Rampage  .    (gloves unavailable)
Will    .....                    (boots unavailable)
Stlth   ..........               (no amulet)
HPRegen 2.07/turn                c - ring of resist corrosion
MPRegen 0.12/turn                q - +6 ring of strength

@: berserking (expiring), lethally poisoned (0 -> -1), wereblooded, very quick
A: large, unfitting armour, claws 3, regeneration 1, shaggy fur 1, tough skin 1
a: no special abilities


You were on level 9 of the Dungeon.
You visited 2 branches of the dungeon, and saw 10 of its levels.
You also visited: Ossuary.

You collected 471 gold pieces.


Innate Abilities, Weirdness & Mutations

You are too large for most types of armour.
You have claws for hands.
Your natural rate of healing is unusually fast.
You are covered in fur. (AC +1)
You have tough skin. (AC +1)


   Skills:
 - Level 10.0 Fighting
 + Level 5.6 Dodging
 - Level 10.0 Unarmed Combat
 - Level 1.2 Spellcasting
 + Level 5.1 Transmutations


You had 8 spell levels left.
You knew the following spells:

 Your Spells              Type           Power      Damage    Failure   Level
a - Beastly Appendage     Tmut           28%        N/A       3%          1
b - Wereblood             Tmut           14%        N/A       6%          2

Your spell library contained the following spells:

 Spells                   Type           Power      Damage    Failure   Level
 Passwall                 Tmut/Erth      5%         N/A       17%         2
 Necrotise                Necr           0%         1d4       32%         1
 Sandblast                Erth           0%         2d4       32%         1
 Spider Form              Tmut/Pois      7%         N/A       32%         3
 Blink                    Tloc           0%         N/A       43%         2
 Momentum Strike          Conj/Tloc      0%         3d8       43%         2
 Call Canine Familiar     Summ           0%         N/A       67%         3
 Lesser Beckoning         Tloc           0%         N/A       67%         3
 Portal Projectile        Hex/Tloc       0%         N/A       67%         3
 Stone Arrow              Conj/Erth      0%         3d7       67%         3
 Vampiric Draining        Necr           0%         2d6       67%         3
 Ice Form                 Ice/Tmut       7%         N/A       73%         4
 Leda's Liquefaction      Hex/Erth       0%         N/A       97%         4
 Agony                    Necr           0%         N/A       100%        5
 Conjure Ball Lightning   Conj/Air       0%         3x3d6     100%        6
 Discord                  Hex            0%         N/A       100%        8
 Disjunction              Tloc           0%         N/A       100%        8

Inventory:

Armour
 a - a +1 robe
 b - a +0 troll leather armour (worn)
   (You found it on level 9 of the Dungeon)
Jewellery
 c - a ring of resist corrosion (left claw)
   (You found it on level 1 of the Dungeon)
 g - a ring of protection from fire
   (You found it on level 1 of the Dungeon)
 j - an amulet of faith
   (You found it on level 1 of the Dungeon)
 p - a ring of protection from fire
   (You found it on level 6 of the Dungeon)
 q - a +6 ring of strength (right claw)
   (You found it on level 8 of the Dungeon)
Wands
 o - a wand of charming (5)
   (You found it on level 4 of the Dungeon)
 w - a wand of polymorph (18)
   (You took it off an orc on level 7 of the Dungeon)
Scrolls
 e - 5 scrolls of teleportation
 l - a scroll of amnesia
 u - 2 scrolls of blinking
 x - a scroll of silence
Potions
 d - 3 potions of flight
 h - 8 potions of curing
 i - 2 potions of attraction
 k - 3 potions of heal wounds
 m - 3 potions of haste
 n - a potion of cancellation {unknown}
 r - 2 potions of brilliance
 t - a potion of resistance
 v - 2 potions of ambrosia

Dungeon Overview and Level Annotations

Branches:
Dungeon (9/15) Zot: 26068  Temple (1/1) D:5 Zot: 5875    Lair (0/5) D:9
    Orc (0/2) D:9         Ossuary (visited)

Altars:
Ashenzari
Cheibriados
Dithmenos
Elyvilon
Fedhas
Gozag
Hepliaklqana
Kikubaaqudgha
Makhleb
Nemelex Xobeh
Okawaru
Qazlal
Ru
Sif Muna
Trog
Uskayaw
Vehumet
Xom
Yredelemnul
Zin
The Shining One

Shops:
D:3 [   D:4 [   D:6 :=

Annotations:
D:9 Pikel

#....≈≈≈≈≈≈≈....#
##....≈≈≈≈≈≈≈....#
##....≈≈≈≈≈≈≈....# ##.
##....≈≈≈≈≈≈≈....# ##>..
##....≈≈####≈....### ##.....
##....≈≈#..#≈......##.......
##....≈≈#..#≈....#5........>
.÷....≈≈#..#≈...5KT.........
#.....≈≈#[##≈...@#..........
#.....≈≈≈.≈≈≈....##5........
#................###........
#.....≈≈≈.≈≈≈....# ##.......
#.....≈##†#≈≈....# #......
#.....≈#.[#≈≈....# #.....
......≈#..#≈≈...... #...#
.....(≈#.)#≈≈....... #.##
#.....≈####≈≈....... ##


You could see Pikel, a troll and 2 lemures.


Message History

😮 HP[+26]
You now have 165 max hp (+55).
You regained 26 hp, and now have 88/165 hp.
Unknown command.
You feel a strong urge to attack something.
The killer bee stings you.
You are poisoned.
The killer bee poisons you! The killer bee barely misses you.
The killer bee stings you.
* * * LOW HITPOINT WARNING * * *
The killer bee stings you.
* * * LOW HITPOINT WARNING * * *
You are more poisoned.
The killer bee poisons you! 😨 HP[-9]
You take 9 damage, and now have 79/165 hp.
You mangle the killer bee!!
You feel a bit better.
You kill the killer bee!
You feel very sick. The killer bee misses you.
The killer bee barely misses you. The killer bee closely misses you.
Unknown command.
You barely miss the killer bee.
You howl as the wereblood boils in your veins!
You feel sick. The killer bee stings you.
* * * LOW HITPOINT WARNING * * *
The killer bee closely misses you.
The killer bee barely misses you. 😨 HP[-2]
You take 2 damage, and now have 77/165 hp.
Unknown command.
You barely miss the killer bee.
You feel sick. The killer bee misses you. x2
The killer bee stings you.
* * * LOW HITPOINT WARNING * * *
😨 HP[-1] MP[+1]
You take 1 damage, and now have 76/165 hp.
You barely miss the killer bee.
You feel sick. The killer bee stings you.
* * * LOW HITPOINT WARNING * * *
The killer bee stings you!
* * * LOW HITPOINT WARNING * * *
The killer bee stings you but does no damage. 😨 HP[-10]
You take 10 damage, and now have 66/165 hp.
Unknown command.
You closely miss the killer bee.
You feel sick. The killer bee stings you!
* * * LOW HITPOINT WARNING * * *
The killer bee closely misses you. The killer bee stings you!
* * * LOW HITPOINT WARNING * * *
😨 HP[-15]
You take 15 damage, and now have 51/165 hp.
Unknown command.
You closely miss the killer bee.
You feel sick. The killer bee stings you.
* * * LOW HITPOINT WARNING * * *
The killer bee stings you.
* * * LOW HITPOINT WARNING * * *
The killer bee closely misses you. 😨 HP[-8]
You take 8 damage, and now have 43/165 hp.
Unknown command.
You completely miss the killer bee.
You feel sick. The killer bee stings you.
* * * LOW HITPOINT WARNING * * *
The killer bee stings you.
* * * LOW HITPOINT WARNING * * *
The killer bee stings you.
* * * LOW HITPOINT WARNING * * *
The lemure hits you!
* * * LOW HITPOINT WARNING * * *
😱 HP[-13]
You take 13 damage, and now have 30/165 hp.
Unknown command.
The killer bee attacks as you move away!
The killer bee stings you.
* * * LOW HITPOINT WARNING * * *
You are more poisoned.
The killer bee poisons you!
You howl as the wereblood boils in your veins!
You feel very sick. 😱 HP[-6]
You take 6 damage, and now have 24/165 hp.
Unknown command.
You mangle the killer bee!!
You feel a bit better.
You kill the killer bee!
You feel sick. The killer bee stings you.
* * * LOW HITPOINT WARNING * * *
😱 HP[-2]
You take 2 damage, and now have 22/165 hp.
Unknown command.
You mangle the killer bee!!
You feel a bit better.
You kill the killer bee!
You feel sick.
The lemure barely misses you. 😱 HP[+1] Unknown command.
You claw Pikel!
You feel sick. 😱 HP[-1]
You take 1 damage, and now have 22/165 hp.
Unknown command.
You mangle Pikel!!
You feel sick.
Pikel hits you with a +2 whip of electrocution.
* * * LOW HITPOINT WARNING * * *
You are electrocuted!!
You die...

Skill      XL: |  1  2  3  4  5  6  7  8  9 10 |
---------------+-------------------------------+-----
Fighting       | 1 2 7 8 9 10 | 10.0
Unarmed Combat | 4 9 10 | 10.0
Dodging        | 3 5 |  5.6
Transmutations | 3 5 |  5.1
Spellcasting   | |  1.2

Action                   |  1- 3 |  4- 6 |  7- 9 | 10-12 || total
-------------------------+-------+-------+-------+-------++-------
Melee: Unarmed           |   111 |    70 |   318 |    96 ||   595
       Punch             |       |     2 |     7 |     3 ||    12
 Cast: Wereblood         |       |       |     6 |     3 ||     9
  Use: Scroll            |     3 |     3 |    16 |     2 ||    24
       Potion            |       |     1 |     1 |     2 ||     4
Armor: Robe              |    47 |    21 |    87 |       ||   155
       Steam dragon scal |       |       |    21 |    21 ||    42
       Skin              |       |       |     7 |    15 ||    22
       Troll leather arm |       |       |       |    13 ||    13
Dodge: Dodged            |    51 |    24 |   119 |    67 ||   261

Levels and vault maps discovered:
D:1:      heliophobic_arrival_dark_side_of_the_moon, layout_basic
D:2:      layout_rooms
D:3:      layout_basic, serial_shops, nicolae_shop_waterfront
D:4:      kennysheep_big_flooded_room, layout_rooms, enter_ossuary_2,
          kennysheep_cross_room, minmay_misc_feat_encased,
          kennysheep_windowed_goal, uniq_menkaure
D:5:      layout_loops_cross, minmay_temple_entry_purple_smoke,
          uniq_prince_ribbit1
D:6:      layout_layer_cave, serial_shops, shop, nicolae_shop_i_like_big_books
D:7:      layout_loops_ring, amcnicky_altar_gilded, kennysheep_generic_room_3
D:8:      cheibrodos_quashed, layout_loops_corners
D:9:      lemuel_troll_bridge, layout_cave_pods, lemuel_doored_altar,
          mainiacjoe_overflow_surrounded_room, due_lair_maze_entry_diamond,
          uniq_pikel
Temple:   mainiacjoe_temple_coin_purse

Notes
Turn   | Place    | Note
-------+----------+-------------------------------------------
     0 | D:1      | ytrimaz the Troll Transmuter began the quest for the Orb.
     0 | D:1      | Reached XP level 1. HP: 18/18 MP: 1/1
     0 | D:1      | magus.rc [v1.9.6]
   118 | D:1      | Reached skill level 1 in Fighting
   135 | D:1      | You pick up a book of Chaos and begin reading...
   135 | D:1      | You add the spells Conjure Ball Lightning, Disjunction and
                  | Discord to your library.
   200 | D:1      | Reached XP level 2. HP: 27/27 MP: 2/2
   381 | D:1      | Reached XP level 3. HP: 35/35 MP: 3/3
   384 | D:1      | Learned a level 2 spell: Wereblood
   784 | D:2      | Reached skill level 2 in Fighting
   938 | D:2      | You pick up a book of Geomancy and begin reading...
   938 | D:2      | You add the spells Sandblast, Passwall and Stone Arrow to
                  | your library.
  1096 | D:2      | Reached skill level 4 in Unarmed Combat
  1314 | D:3      | Reached XP level 4. HP: 36/44 MP: 4/4
  1334 | D:3      | Found Ruherphod's Armour Shoppe.
  1413 | D:3      | Identified a potion of experience
  1895 | D:3      | Reached skill level 7 in Fighting
  1895 | D:3      | Reached skill level 9 in Unarmed Combat
  1895 | D:3      | Reached XP level 5. HP: 62/62 MP: 5/5
  2010 | D:4      | Reached XP level 6. HP: 70/71 MP: 6/6
  2024 | D:4      | You pick up a book of Necromancy and begin reading...
  2024 | D:4      | You add the spells Necrotise, Vampiric Draining and Agony
                  | to your library.
  2206 | D:4      | Found Vyrac's Armour Boutique.
  2244 | D:4      | Reached XP level 7. HP: 68/78 MP: 7/7
  2287 | D:4      | Found a sand-covered staircase.
  2292 | Ossuary  | Entered an ossuary
  2719 | D:4      | Noticed Menkaure
  2732 | D:4      | Killed Menkaure
  2851 | D:5      | Entered Level 5 of the Dungeon
  2851 | D:5      | Noticed Prince Ribbit
  2889 | D:5      | Killed Prince Ribbit
  2890 | D:5      | Reached skill level 8 in Fighting
  2890 | D:5      | Reached skill level 10 in Unarmed Combat
  2890 | D:5      | Reached XP level 8. HP: 76/88 MP: 8/8
  3167 | D:5      | Found a staircase to the Ecumenical Temple.
  3173 | Temple   | Entered the Ecumenical Temple
  3734 | D:6      | Found Wesoz's Tremendous Tomes.
  3770 | D:6      | Reached skill level 9 in Fighting
  3841 | D:6      | You pick up a book of the Hunter and begin reading...
  3841 | D:6      | You add the spells Call Canine Familiar, Portal Projectile
                  | and Leda's Liquefaction to your library.
  4321 | D:6      | Reached XP level 9. HP: 69/98 MP: 9/9
  4404 | D:6      | Found Maschewne's Jewellery Emporium.
  4760 | D:7      | Upgraded the game from 0.30-a0-305-g026cb31310 to
                  | 0.30-a0-310-g7d6cbdfea6
  4760 | D:7      | magus.rc [v1.9.6]
  5406 | D:7      | Found a bloodstained altar of Trog.
  5424 | D:7      | You pick up a book of Spatial Translocations and begin
                  | reading...
  5424 | D:7      | You add the spells Blink, Momentum Strike and Lesser
                  | Beckoning to your library.
  5473 | D:7      | Reached skill level 10 in Fighting
  5785 | D:8      | Reached skill level 2 in Dodging
  5826 | D:8      | Reached skill level 2 in Transmutations
  6599 | D:9      | Noticed a two-headed ogre
  6600 | D:9      | Reached skill level 3 in Dodging
  6613 | D:9      | HP: 22/101 [orc priest/divine providence (12)]
  6618 | D:9      | HP: 15/101 [poisoned by a water moccasin]
  6623 | D:9      | HP: 15/101 [poisoned by a water moccasin]
  6719 | D:9      | Reached skill level 3 in Transmutations
  6719 | D:9      | Reached XP level 10. HP: 106/110 MP: 10/10
  6731 | D:9      | Killed a two-headed ogre
  6732 | D:9      | Reached skill level 4 in Dodging
  6820 | D:9      | Found a blossoming altar of Fedhas.
  6880 | D:9      | Found a staircase to the Lair.
  6911 | D:9      | Reached skill level 4 in Transmutations
  7068 | D:9      | Found a snail-covered altar of Cheibriados.
  7358 | D:9      | Reached skill level 5 in Dodging
  7451 | D:9      | Reached skill level 5 in Transmutations
  7475 | D:9      | Found a staircase to the Orcish Mines.
  7476 | D:9      | Noticed Pikel
  7490 | D:9      | HP: 40/165 [killer bee (4)]
  7495 | D:9      | HP: 23/165 [poisoned by a killer bee]
  7495 | D:9      | Slain by Pikel

Vanquished Creatures
  A two-headed ogre (D:9)
  8 trolls (D:9)
  Prince Ribbit (D:5)
  A shadow (D:9)
  3 yaks (D:9)
  A steam dragon (D:8)
  Menkaure (D:4)
  6 water moccasins
  An orc warrior (D:7)
  3 sky beasts
  3 black bears
  An ice beast (D:6)
  An ogre (D:6)
  2 centaurs
  A phantom (D:4)
  2 kobold brigands
  A gnoll sergeant (D:7)
  5 scorpions
  6 bullfrogs
  3 necrophages
  3 killer bees (D:9)
  2 howler monkeys
  4 jellies
  2 gnoll boudas (D:7)
  3 hounds
  5 orc priests
  5 iguanas
  3 orc wizards
  3 mummies (Ossuary)
  13 gnolls
  6 adders
  A shadow imp (D:6)
  3 white imps
  An ufetubus (D:4)
  2 adder zombies (Ossuary)
  5 dart slugs
  15 orcs
  5 endoplasms
  3 giant cockroaches
  A gnoll zombie (Ossuary)
  9 goblins
  6 hobgoblins
  2 jackals (D:1)
  2 quokkas
  4 ball pythons
  6 bats (D:1)
  4 frilled lizards
  A goblin zombie (Ossuary)
  3 hobgoblin zombies (Ossuary)
  16 kobolds
  4 kobold zombies (Ossuary)
  An orc zombie (Ossuary)
  3 quokka zombies (Ossuary)
  6 rats
  3 rat zombies (Ossuary)
206 creatures vanquished.

Vanquished Creatures (others)
  34 fungi (D:9)
  36 plants (D:9)
70 creatures vanquished.

Grand Total: 276 creatures vanquished

Table legend:
 A = Non-vault XP
 B = Vault XP
 C = Vault XP percentage of total XP
 D = Non-vault monster count
 E = Vault monster count
 F = Vault count percentage of total count
                 A         B        C        D         E       F
            +---------+---------+-------+---------+---------+-------
      Total |    5410 |    4964 |  47.9 |     155 |      51 |  24.8
            +---------+---------+-------+---------+---------+-------
        D:1 |      56 |       0 |   0.0 |      32 |       0 |   0.0
        D:2 |      33 |       0 |   0.0 |      12 |       0 |   0.0
        D:3 |     101 |       0 |   0.0 |      10 |       0 |   0.0
        D:4 |     487 |     259 |  34.7 |      19 |       6 |  24.0
        D:5 |     449 |     283 |  38.7 |       7 |       1 |  12.5
        D:6 |     902 |       0 |   0.0 |      21 |       0 |   0.0
        D:7 |    1327 |      46 |   3.4 |      37 |       2 |   5.1
        D:8 |     643 |       0 |   0.0 |       7 |       0 |   0.0
        D:9 |    1412 |    4294 |  75.3 |      10 |      21 |  67.7
    Ossuary |       0 |      82 | 100.0 |       0 |      21 | 100.0
            +---------+---------+-------+---------+---------+-------

Illustrated notes

Table legend:
 A = Kills in this place as a percentage of kills in entire the game.
 B = Kills by you in this place as a percentage of kills by you in the entire game.
 C = Kills by friends in this place as a percentage of kills by friends in the entire game.
 D = Other kills in this place as a percentage of other kills in the entire game.
 E = Experience gained in this place as a percentage of experience gained in the entire game.
 F = Experience gained in this place divided by the number of levels of this place that you have seen.
                   A       B       C       D       E      F
               +-------+-------+-------+-------+-------+----------------------
         Total | 100.0 | 100.0 |   N/A |   N/A | 100.0 | 943.1
       Dungeon |  89.8 |  89.8 |   N/A |   N/A |  99.2 | 1143.6
       Ossuary |  10.2 |  10.2 |   N/A |   N/A |   0.8 |  82.0
               +-------+-------+-------+-------+-------+----------------------

Table legend: (Time is in decaauts)
 A = Elapsed time spent in this place.
 B = Non-inter-level travel time spent in this place.
 C = Inter-level travel time spent in this place.
 D = Time resting spent in this place.
 E = Time spent auto-exploring this place.
 F = Levels seen in this place.
 G = Mean time per level.
                   A        B        C        D        E       F      G
               +--------+--------+--------+--------+--------+-----+--------+
         Total |   7397 |   7113 |    284 |    156 |   5455 |  11 |  672.5 |
       Dungeon |   7085 |   6812 |    273 |    156 |   5278 |   9 |  787.2 |
        Temple |    124 |    113 |     11 |      0 |     96 |   1 |  124.0 |
       Ossuary |    188 |    188 |      0 |      0 |     81 |   1 |  188.0 |
               +--------+--------+--------+--------+--------+-----+--------+

Top non-repeatable levels by time:
     D:6: 1093 daAuts
     D:8: 941 daAuts
     D:7: 883 daAuts
     D:9: 870 daAuts
     D:1: 758 daAuts
     D:4: 715 daAuts
     D:5: 663 daAuts
     D:3: 663 daAuts
     D:2: 495 daAuts
 Ossuary: 188 daAuts
  Temple: 124 daAuts
